 Dungeon Crawl Stone Soup version 0.32-a0-132-g2d33c3cfaf (webtiles) character file.

Game seed: 13381752606908280959

77 Dittersdorf the Covered (level 4, -2/29 HPs)
             Began as a Gargoyle Fighter on Feb 9, 2024.
             Killed by divine providence
             ... invoked by an orc priest
              (13 damage)
             ... on level 3 of the Dungeon.
             The game lasted 00:02:21 (1416 turns).

Dittersdorf the Covered (Gargoyle Fighter)          Turns: 1416, Time: 00:02:21

Health: -2/29      AC: 11    Str: 21    XL:     4   Next: 33%
Magic:  4/4        EV:  9    Int:  9    God:
Gold:   117        SH:  4    Dex:  9    Spells: 3/3 levels left

rFire   . . .        r - +0 morningstar (venom)
rCold   . . .        c - +0 buckler
rNeg    + . .        b - +0 scale mail
rPois   ∞            (no helmet)
rElec   +            o - +0 cloak
rCorr   .            (no gloves)
SInv    .            (no boots)
Will    .....        (no amulet) Stlth
                     (no ring)
HPRegen 0.24/turn    (no ring)
MPRegen 0.09/turn

%: no passive effects
@: no status effects
A: sickness immunity, AC +3, negative energy resistance 1, electricity
resistance, torment resistance 1, petrification resistance
a: no special abilities


You were on level 3 of the Dungeon.
You visited 1 branch of the dungeon, and saw 3 of its levels.

You collected 185 gold pieces.
You spent 68 gold pieces at shops.

Inventory:

Hand Weapons
 r - a +0 morningstar of venom (weapon)
Armour
 b - a +0 scale mail (worn)
 c - a +0 buckler (worn)
 o - a +0 cloak (worn)
Scrolls
 a - a scroll of summoning {unknown}
 e - a scroll of torment {unknown}
 f - a scroll of fear {unknown}
 g - 3 scrolls of identify {unknown}
 h - a scroll of blinking {unknown}
 k - a scroll of brand weapon {unknown}
 l - 2 scrolls of revelation {unknown}
 n - a scroll of amnesia {unknown}
 q - a scroll of enchant weapon {unknown}
Potions
 d - a potion of might
 i - a potion of haste {unknown}
 j - a potion of brilliance {unknown}
 m - a potion of invisibility {unknown}
 p - a potion of degeneration {unknown}


   Skills:
 + Level 3.9 Fighting
 + Level 2.7 Maces & Flails
 + Level 4.0 Armour
 + Level 4.0 Shields


You had 3 spell levels left.
You didn't know any spells.
Your spell library was empty.

Dungeon Overview and Level Annotations

Branches:
Dungeon (3/15)

Altars:
Ru

Shops:
D:1 =   D:2 [::(


Innate Abilities, Weirdness & Mutations

You are immune to sickness and miasma.
Your stone body is resilient. (AC +3)
You are immune to poison.
You resist negative energy. (rN+)
You are resistant to electric shocks. (rElec)
You are resistant to unholy torment.
You are immune to petrification.


Message History

The orc priest invokes the aid of Beogh against you.
Beogh smites you!
Ouch! That really hurt!
You are too injured to fight recklessly!
You are too injured to fight recklessly!
You are too injured to fight recklessly!
You are too injured to fight recklessly!
You are too injured to fight recklessly!
You are too injured to fight recklessly!
You are too injured to fight recklessly!
You are too injured to fight recklessly!
You are too injured to fight recklessly!
You are too injured to fight recklessly!
You are too injured to fight recklessly!
You are too injured to fight recklessly!
You are too injured to fight recklessly!
You are too injured to fight recklessly!
You are too injured to fight recklessly!
You are too injured to fight recklessly!
You sock the goblin!
You kill the goblin!
The adder bites you but does no damage. The bat hits you but does no damage.
The orc priest looks satisfied for a moment.
The orc barely misses you. The adder barely misses you.
Your Shields skill increases to level 4!
You barely miss the bat. The bat hits you but does no damage.
The adder bites you but does no damage. The orc closely misses you.
The orc barely misses you.
You miss the bat. The bat hits you but does no damage.
The adder barely misses you. The orc barely misses you.
You block the orc's attack. The adder bites you but does no damage.
The orc hits you with a +0 flail. The orc hits you but does no damage.
You completely miss the bat. The bat closely misses you.
The adder closely misses you. The bat hits you but does no damage.
The adder bites you but does no damage. The orc hits you but does no damage.
The orc barely misses you. The bat hits you but does no damage.
The orc priest mumbles some strange prayers to Beogh against you.
Beogh smites you!
You die...

#......†.....# #.#..##.#.
#............###.##....##
#................####....
#............##### ##.##
#............# #.#
#............# ...
#.......###### ....
#.......### . #.......@.#
.......##b#
........oSog....#
.........oo...[.#
######..........#
#..........# #...........
............
.....###.....


You could see an orc priest, an adder, 2 orcs, a goblin and a bat.

Vanquished Creatures
  4 adders (D:2)
  3 dart slugs
  An orc (D:3)
  A bat (D:3)
  6 endoplasms
  A giant cockroach (D:2)
  2 goblins
  A hobgoblin (D:1)
  2 kobolds
  A quokka (D:3)
  7 ball pythons
  6 rats
35 creatures vanquished.

Notes
Turn   | Place    | Note
-------+----------+-------------------------------------------
     0 | D:1      | Dittersdorf the Gargoyle Fighter began the quest for the
                  | Orb.
     0 | D:1      | Reached XP level 1. HP: 14/14 MP: 1/1
    62 | D:1      | Found Tiuttaw's One-of-a-Kind Rings.
   158 | D:1      | Reached XP level 2. HP: 16/19 MP: 2/2
   781 | D:2      | Found Felyirgh's Book Shop.
   825 | D:2      | Noticed a glass eye
   827 | D:2      | Found a faded altar of an unknown god.
   829 | D:2      | Noticed an eye of devastation
   829 | D:2      | Noticed a shining eye
   829 | D:2      | Noticed a great orb of eyes
   835 | D:2      | Reached XP level 3. HP: 23/23 MP: 3/3
   866 | D:2      | Found Aceyv's Armour Shoppe.
   973 | D:2      | Found a sacrificial altar of Ru.
  1003 | D:2      | Reached XP level 4. HP: 28/29 MP: 4/4
  1173 | D:2      | Found Niycs's Book Boutique.
  1176 | D:2      | Found Wuler's Weapon Emporium.
  1183 | D:2      | Bought a +0 morningstar of venom for 68 gold pieces
  1416 | D:3      | Killed from afar by an orc priest

Illustrated notes

Levels and vault maps discovered:
D:1:      lightli_arrival_isolated_outpost, layout_loops_ring,
          nicolae_shop_unique_rings, dreamdust_princess_bridge,
          minmay_misc_feat_alley, dk_noncrumbling_4,
          chequers_serial_rivers_micro_b
D:2:      layout_rooms, hellmonk_ecumenical_altar_watching_god, basic_altar,
          serial_shops, shop, shop, nicolae_shop_tiny_real_fake_doors,
          nicolae_shop_statue_plus, minmay_hexomino_u4
D:3:      layout_basic

Skill      XL: |  1  2  3  4 |
---------------+-------------+-----
Armour         | 4 |  4.0
Shields        | 4 |  4.0
Fighting       | |  3.9
Maces & Flails | |  2.7

Action                     |  1- 3 |  4- 6 || total
---------------------------+-------+-------++-------
  Melee: Flail             |    71 |     3 ||    74
         Morningstar       |       |    24 ||    24
 Armour: Scale mail        |    66 |    33 ||    99
  Dodge: Dodged            |    37 |    22 ||    59
  Block: Buckler           |    20 |    12 ||    32

Table legend: (Time is in decaauts)
 A = Elapsed time spent in this place.
 B = Non-inter-level travel time spent in this place.
 C = Inter-level travel time spent in this place.
 D = Time resting spent in this place.
 E = Time spent auto-exploring this place.
 F = Levels seen in this place.
 G = Mean time per level.
                   A        B        C        D        E       F      G
               +--------+--------+--------+--------+--------+-----+--------+
         Total |   1465 |   1406 |     59 |      0 |   1125 |   3 |  488.3 |
       Dungeon |   1465 |   1406 |     59 |      0 |   1125 |   3 |  488.3 |
               +--------+--------+--------+--------+--------+-----+--------+

Top non-repeatable levels by time:
     D:1: 835 daAuts
     D:2: 469 daAuts
     D:3: 160 daAuts
